 Dungeon Crawl Stone Soup version 0.23.2-33-g5129a83184 (webtiles) character file.

Game seed: 9943548669602467505

149 Hebeh the Conjurer (level 5, 0/28 HPs)
             Began as a Deep Elf Conjurer on June 28, 2019.
             Slain by Sigmund
             ... wielding a +0 scythe
              (11 damage)
             ... on level 3 of the Dungeon.
             The game lasted 00:07:23 (2954 turns).

Hebeh the Conjurer (Deep Elf Conjurer)              Turns: 2954, Time: 00:07:23

Health: 0/28       AC:  2    Str:  5    XL:     5   Next: 9%
Magic:  6/15       EV: 13    Int: 21    God:
Gold:   91         SH:  0    Dex: 15    Spells: 14/15 levels left

rFire    . . .     SeeInvis .   k - +3 hunting sling (velocity)
rCold    . . .     Gourm    .   (no shield)
rNeg     . . .     Faith    .   a - +0 robe
rPois    .         Spirit   .   (no helmet)
rElec    .         Reflect  .   (no cloak)
rCorr    .         Harm     .   (no gloves)
MR       .....                  (no boots)
Stlth    ++........             (no amulet)
HPRegen  0.09/turn              (no ring)
MPRegen  0.14/turn              (no ring)

@: no status effects
A: no striking features
a: no special abilities


You were on level 3 of the Dungeon.
You were near starving.

You visited 1 branch of the dungeon, and saw 3 of its levels.

You collected 91 gold pieces.

Inventory:

Hand Weapons
 g - a +0 short sword
 k - a +3 hunting sling of velocity (weapon)
Missiles
 e - 3 sling bullets (quivered)
 h - 12 stones
 l - 5 tomahawks
Armour
 a - a +0 robe (worn)
 i - a +0 pair of gloves
Scrolls
 d - a scroll of amnesia {unknown}
 j - 3 scrolls of remove curse {unknown}
 m - a scroll of fear {unknown}
 n - 2 scrolls of identify {unknown}
 r - a scroll of enchant armour {unknown}
Potions
 b - a potion of degeneration {unknown}
 f - 2 potions of curing {unknown}
 o - a potion of mutation {unknown}
 p - a potion of lignification {unknown}
 q - 2 potions of flight {unknown}
Comestibles
 c - 7 rations


   Skills:
 - Level 2.4 Dodging
 - Level 2.4 Stealth
 + Level 5.5 Spellcasting
 + Level 5.8 Conjurations


You had 14 spell levels left.
You knew the following spells:

 Your Spells              Type           Power        Failure   Level  Hunger
a - Magic Dart            Conj           ####         1%          1    None

Your spell library contained the following spells:

 Spells                   Type           Power        Failure   Level  Hunger
 Searing Ray              Conj           ####..       1%          2    None
 Iskenderun's Mystic Bla  Conj           ####....     9%          4    ####...
 Dazzling Spray           Conj/Hex       ###...       10%         3    ##.....
 Force Lance              Conj/Tloc      ###.....     30%         4    ####...
 Fulminant Prism          Conj/Hex       ###.......   30%         4    ####...


Dungeon Overview and Level Annotations

Branches:
Dungeon (3/15)

Altars:
Uskayaw

Annotations:
D:3 Sigmund


Message History

The magic dart hits Sigmund.
Sigmund is heavily wounded.
Casting: Magic Dart (safe; 1% risk of failure)
Confirm with . or Enter, or press ? or * to list all spells.
Aiming: Magic Dart (safe; 1% risk of failure)
Press: ? - help, Shift-Dir - straight line, f/p - Sigmund
Aim: Sigmund, wielding a +0 scythe and wearing a +0 robe (heavily wounded)
The magic dart hits Sigmund but does no damage.
Sigmund is heavily wounded.
Sigmund casts a spell at you. The puff of flame hits you.
Casting: Magic Dart (safe; 1% risk of failure)
Confirm with . or Enter, or press ? or * to list all spells.
Aiming: Magic Dart (safe; 1% risk of failure)
Press: ? - help, Shift-Dir - straight line, f/p - Sigmund
Aim: Sigmund, wielding a +0 scythe and wearing a +0 robe (heavily wounded)
The magic dart hits Sigmund.
Sigmund is severely wounded.
Sigmund hits you from afar with a +0 scythe!
You die...

.#..#...## .#
.....[..#### .##
#.÷<.#.....###..
###.[.###.....#
###..##.....#
#.........######
#####..........#
#..........#
######..@..#
#@....#
.....†?.#
####.....#
#.....# #.....#
#.....# #######


You could see Sigmund.

Vanquished Creatures
  An orc priest (D:3)
  3 adders
  A gnoll (D:1)
  An ooze (D:1)
  3 worms (D:2)
  A dart slug (D:2)
  3 leopard geckos
  5 orcs
  2 giant cockroaches
  2 goblins
  4 hobgoblins
  11 jackals
  5 bats
  5 frilled lizards
  5 kobolds
  10 rats
62 creatures vanquished.

Notes
Turn   | Place    | Note
-------+----------+-------------------------------------------
     0 | D:1      | Hebeh the Deep Elf Conjurer began the quest for the Orb.
     0 | D:1      | Reached XP level 1. HP: 10/10 MP: 6/6
   200 | D:1      | Reached XP level 2. HP: 15/15 MP: 5/8
   764 | D:1      | Reached skill level 5 in Conjurations
   764 | D:1      | Reached XP level 3. HP: 15/19 MP: 4/10
  1649 | D:2      | Reached XP level 4. HP: 24/24 MP: 12/12
  1780 | D:2      | Found a hide-covered altar of Uskayaw.
  2200 | D:2      | Reached skill level 5 in Spellcasting
  2627 | D:3      | Reached XP level 5. HP: 11/28 MP: 7/14
  2634 | D:2      | HP: 1/28 [frilled lizard (1)]
  2946 | D:3      | Noticed Sigmund
  2954 | D:3      | Slain by Sigmund

Skill      XL: |  1  2  3  4 |
---------------+-------------+-----
Spellcasting   | 4 5 |  5.5
Conjurations   | 5 |  5.8
Dodging        | |  2.4
Stealth        | |  2.4

Action                   |  1- 3 |  4- 6 || total
-------------------------+-------+-------++-------
 Fire: Hunting sling     |    18 |    26 ||    44
 Cast: Magic Dart        |    60 |    44 ||   104
  Eat: Chunk             |     2 |     2 ||     4
Armor: Robe              |     6 |     8 ||    14
Dodge: Dodged            |    21 |    27 ||    48
